 Dungeon Crawl Stone Soup version 0.25-a0-435-g4b9beb1 (webtiles) character file.

Game seed: 4112528701576513541, levelgen mode: deterministic

48 2tousent the Bolt Thrower (level 3, -5/29 HPs)
             Began as a Centaur Hunter on Jan 27, 2020.
             Slain by a bullfrog (6 damage)
             ... on level 2 of the Dungeon.
             The game lasted 00:03:44 (1226 turns).

2tousent the Bolt Thrower (Centaur Hunter)          Turns: 1226, Time: 00:03:45

Health: -5/29      AC:  5    Str: 14    XL:     3   Next: 50%
Magic:  3/3        EV:  9    Int: 10    God:
Gold:   87         SH:  4    Dex: 10    Spells: 2/2 levels left

rFire    . . .     SeeInvis .   a - +1 hand crossbow
rCold    . . .     Gourm    .   (no shield)
rNeg     . . .     Faith    .   c - +1 leather armour
rPois    .         Spirit   .   (no helmet)
rElec    .         Reflect  +   (no cloak)
rCorr    .         Harm     .   (no gloves)
MR       .....                  (no barding)
Stlth    +.........             k - +4 amulet of reflection
HPRegen  0.09/turn              (no ring)
MPRegen  0.08/turn              (no ring)

@: very quick
A: large, hooves 3, deformed body, speed 2, tough skin 3
a: no special abilities


You were on level 2 of the Dungeon.
You were not hungry.

You visited 1 branch of the dungeon, and saw 2 of its levels.

You collected 87 gold pieces.

Inventory:

Hand Weapons
 a - a +1 hand crossbow (weapon)
 b - a +0 short sword
Missiles
 d - a bolt (quivered)
Armour
 c - a +1 leather armour (worn)
Jewellery
 k - a +4 amulet of reflection (around neck)
Scrolls
 j - a scroll of teleportation
Potions
 e - a potion of brilliance {unknown}
 h - a potion of heal wounds
 i - a potion of degeneration
 m - a potion of flight
Comestibles
 f - 3 rations


   Skills:
 - Level 2.0 Fighting
 + Level 5.8 Crossbows
 - Level 1.3 Dodging
 - Level 0.4 Stealth


You had 2 spell levels left.
You didn't know any spells.
Your spell library was empty.

Dungeon Overview and Level Annotations

Branches:
Dungeon (2/15)

Altars:


Innate Abilities, Weirdness & Mutations

You have hooves in place of feet.
Armour fits poorly on your strangely shaped body.
You cover ground very quickly.
You have extremely tough skin. (AC +3)


Message History

You shoot a bolt. The bolt hits the bullfrog.
The bullfrog is lightly wounded.
You feel sick. The bullfrog hits you!
* * * LOW HITPOINT WARNING * * *
Unknown command.
* * * LOW HITPOINT WARNING * * *
You feel sick.
You are no longer poisoned.
Firing (i - inventory)
d - 3 bolts (quivered)
Press: ? - help, Shift-Dir - straight line, f/p - bullfrog
Aim: a bullfrog (lightly wounded)
You shoot a bolt. The bolt barely misses the bullfrog.
The bullfrog barely misses you.
The bullfrog swells and bulges.
The bullfrog hits you but does no damage.
Firing (i - inventory)
d - 2 bolts (quivered)
Press: ? - help, Shift-Dir - straight line, f/p - bullfrog
Aim: a bullfrog (lightly wounded)
You shoot a bolt. The bolt closely misses the bullfrog.
The bullfrog hits you.
You die...

...####..# ...##....#
...##.#.## ...##.#.#
#############
......#.##########............
.....)...........'..†.........
.#......##########............
.........#########............
######.(.(.....F@.###########.
# (.(..#.########.# #.######.#
#.# #........########.########
.........................
#########.#+####.########
####### #.....##.# ......#
#.....##.#
......####....†##.##


You could see a bullfrog.

Vanquished Creatures
  A gnoll (D:1)
  An adder (D:2)
  An ooze (D:2)
  2 dart slugs
  2 leopard geckos (D:1)
  A bat (D:1)
  A giant cockroach (D:2)
  3 goblins
  2 hobgoblins
  A frilled lizard (D:2)
  2 kobolds
  3 rats (D:2)
20 creatures vanquished.

Notes
Turn   | Place    | Note
-------+----------+-------------------------------------------
     0 | D:1      | 2tousent the Centaur Hunter began the quest for the Orb.
     0 | D:1      | Reached XP level 1. HP: 17/17 MP: 1/1
   395 | D:1      | Reached XP level 2. HP: 12/24 MP: 2/2
   396 | D:1      | Reached skill level 5 in Crossbows
  1126 | D:2      | Reached XP level 3. HP: 28/29 MP: 3/3
  1213 | D:2      | Noticed a bullfrog
  1217 | D:2      | HP: 1/29 [bullfrog (7)]
  1223 | D:2      | HP: 1/29 [poisoned by an adder]
  1226 | D:2      | Slain by a bullfrog

Levels and vault maps discovered:
D:1:      minmay_arrival_stone_box, layout_basic
D:2:      minmay_spotlight, layout_basic

Skill      XL: |  1  2 |
---------------+-------+-----
Crossbows      | 5 |  5.8
Fighting       | |  2.0
Dodging        | |  1.3
Stealth        | |  0.4

Action                   || total
-------------------------++-------
Melee: Short sword       ||    58
       Kick              ||     9
 Fire: Hand crossbow     ||    29
  Use: Scroll            ||     7
Armor: Leather armour    ||    27
Dodge: Dodged            ||    38
Block: Other             ||     6
       Reflection        ||     1

Table legend:
 A = Non-vault XP
 B = Vault XP
 C = Vault XP percentage of total XP
 D = Non-vault monster count
 E = Vault monster count
 F = Vault count percentage of total count
                 A         B        C        D         E       F
            +---------+---------+-------+---------+---------+-------
      Total |      69 |       0 |   0.0 |      20 |       0 |   0.0
            +---------+---------+-------+---------+---------+-------
        D:1 |      33 |       0 |   0.0 |       9 |       0 |   0.0
        D:2 |      36 |       0 |   0.0 |      11 |       0 |   0.0
            +---------+---------+-------+---------+---------+-------
